Description

Not mine just exporting to train

VOD

https://www.youtube.com/watch?v=Kbv2u2VAkRk

Replay - Odyssée EC (157)

Build Order

Get SALT Encoding   

  12  0:01  Probe  
  13  0:13  Probe  
  14  0:17  Pylon  
  14  0:25  Probe (Chrono Boost)  
  15  0:37  Probe (Chrono Boost)  
  15  0:40  Gateway  
  17  0:44  Probe (Chrono Boost)  
  17  0:51  Probe  
  17  0:53  Assimilator x2  
  18  1:03  Probe  
  19  1:10  Gateway  
  19  1:15  Probe  
  20  1:27  Probe  
  20  1:28  Cybernetics Core  
  21  1:41  Pylon  
  21  1:42  Probe  
  23  2:05  Stalker x2  
  28  2:09  Warp Gate (Chrono Boost)  
  28  2:21  Pylon  
  28  2:35  Stalker x2  
  32  2:55  Nexus  
  33  3:15  Robotics Facility  
  35  3:30  Pylon  
  37  3:48  Gateway x2  
  38  4:03  Observer  
  41  4:20  Stalker x2  
  47  4:28  Immortal (Chrono Boost)  
  53  4:41  Robotics Bay  
  53  4:49  Assimilator x2  
  55  4:58  Observer  
  58  5:04  Shield Battery x2  
  60  5:28  Pylon  
  62  5:30  Nexus  
  62  5:45  Colossus (Chrono Boost)  
  70  5:50  Extended Thermal Lance  
  70  6:12  Forge x2  
  72  6:29  Colossus  
  80  6:37  Stalker x3  
  89  6:49  Protoss Ground Weapons Level 1 (Chrono Boost), Protoss Ground Armor Level 1 (Chrono Boost)  
  93  7:14  Twilight Council  
  92  7:26  Assimilator x2  
  92  7:27  Colossus  
  103  7:45  Gateway x3  
  103  7:52  Blink  
  103  8:02  Templar Archives  
  103  8:20  Stalker  
  103  8:26  Protoss Ground Armor Level 2 (Chrono Boost), Protoss Ground Weapons Level 2 (Chrono Boost)  
  111  8:30  Photon Cannon x3  
  111  8:37  Photon Cannon x3  
  111  8:43  Photon Cannon x2  
  111  8:52  Colossus (Chrono Boost)  
  117  9:00  High Templar x4  
  125  9:06  Archon x2  
  125  9:23  Nexus  
  125  9:27  Gateway x2  
  125  9:41  Immortal (Chrono Boost)  
  129  9:51  High Templar x2  
  143  9:55  Archon  
Spawning Tool Build Advisor. Get it on Overwolf

Go to:

Details

  • Created by: Buixy
  • Published on: Mar 01, 2018
  • Modified on: Mar 01, 2018
  • Patch: 4.0.0
Show
View Real Time Build Order
Export as new Build Order

Comments (2)

On March 6, 2018, 4:52 a.m., zuka  said:

Hey ! Merci beaucoup d'avoir créé ce BO, je n'avais pas penser à le mettre avec la vidéo ;)

On March 6, 2018, 4:34 a.m., fingha  said:

Très bon build je taf avec en ce moment, et je dois reconnaître qu'il est fiable est safe !

Create an account to comment!